 Dungeon Crawl Stone Soup version 0.24.0-13-gcf9b3192b9 (console) character file.

Game seed: 1348261320448927905, levelgen mode: deterministic

37 thefish the Chiller (level 3, -1/24 HPs)
             Began as a Vampire Ice Elementalist on Nov 6, 2019.
             Slain by an adder (2 damage)
             ... on level 2 of the Dungeon.
             The game lasted 00:05:27 (954 turns).

thefish the Chiller (Vampire Ice Elementalist)       Turns: 954, Time: 00:05:28

Health: -1/24      AC:  2    Str:  7    XL:     3   Next: 23%
Magic:  0/7        EV: 12    Int: 18    God:
Gold:   38         SH:  0    Dex: 14    Spells: 4/8 levels left

rFire    . . .     SeeInvis +   j - staff of summoning
rCold    . . .     Gourm    .   (no shield)
rNeg     . . .     Faith    .   a - +0 robe
rPois    .         Spirit   .   (no helmet)
rElec    .         Reflect  .   (no cloak)
rCorr    .         Harm     .   (no gloves)
MR       .....                  (no boots)
Stlth    ++........             (no amulet)
HPRegen  0.28/turn              (no ring)
MPRegen  0.10/turn              (no ring)

@: lethally poisoned (-1 -> -12), very slightly contaminated, regenerating
quickly
A: no food, fangs 3, see invisible, unbreathing
a: Exsanguinate


You were on level 2 of the Dungeon.
You were alive.

You visited 1 branch of the dungeon, and saw 2 of its levels.

You collected 38 gold pieces.

Inventory:

Armour
 a - a +0 robe (worn)
Magical Staves
 j - an uncursed staff of summoning (weapon)
Scrolls
 b - a scroll of enchant armour {unknown}
 c - a scroll of noise {unknown}
 d - a scroll of remove curse {unknown}
 e - 2 scrolls of identify {unknown}
 f - a scroll of magic mapping {unknown}
 h - 2 scrolls of amnesia {unknown}
Potions
 g - a potion of haste {unknown}
 i - a potion of might {unknown}
 k - a potion of curing {unknown}


   Skills:
 + Level 0.1 Staves
 - Level 2.1 Dodging
 - Level 3.0 Stealth
 + Level 3.0 Spellcasting
   Level 0.6 Conjurations
 + Level 0.0 Charms
 + Level 3.4 Ice Magic


You had 4 spell levels left.
You knew the following spells:

 Your Spells              Type           Power        Failure   Level  Hunger
a - Freeze                Ice            ###.         4%          1    N/A
b - Ozocubu's Armour      Chrm/Ice       #.......     24%         3    N/A

Your spell library contained the following spells:

 Spells                   Type           Power        Failure   Level  Hunger
 Throw Frost              Conj/Ice       ##....       11%         2    N/A
 Throw Icicle             Conj/Ice       ##......     56%         4    N/A
 Summon Ice Beast         Ice/Summ       ##......     61%         4    N/A

Dungeon Overview and Level Annotations

Branches:
Dungeon (2/15)

Altars:
Kikubaaqudgha
The Shining One


Innate Abilities, Weirdness & Mutations

You do not eat.
Your natural rate of healing is unusually fast.
You have razor-sharp teeth.
You have supernaturally acute eyesight. (SInv)
You can survive without breathing.


Message History

The adder poisons you!
You closely miss the adder.
The adder is moderately wounded.
You feel sick. The adder completely misses you.
You miss the adder.
You feel sick. The adder bites you. The adder barely misses you.
The adder bites you.
* * * LOW HITPOINT WARNING * * *
You are lethally poisoned!
The adder poisons you! The adder bites you.
* * * LOW HITPOINT WARNING * * *
You are more poisoned.
The adder poisons you!
You miss the adder.
* * * LOW HITPOINT WARNING * * *
You feel sick. The adder bites you but does no damage.
The adder closely misses you. The adder bites you.
* * * LOW HITPOINT WARNING * * *
You hit the adder. Your bite misses the adder.
The adder is lightly wounded.
* * * LOW HITPOINT WARNING * * *
You feel sick. The adder bites you.
You die...

###...##
#†....#
##..##
#.....#
#...#
#...###
##..# #(..#
#..# #...#
##..###...#
#....######
##...##
#####8.)..#
#..S#.....#
#._@S.....#
#...#......#
#####8....##
##...##
##...# #S..#
..## ..


You could see 2 adders.

Vanquished Creatures
  An adder (D:2)
  A worm (D:2)
  A leopard gecko (D:1)
  7 bats
  A giant cockroach (D:1)
  A goblin (D:2)
  4 hobgoblins
  A kobold (D:2)
  A quokka (D:2)
  A ball python (D:1)
  2 frilled lizards
  3 rats (D:1)
24 creatures vanquished.

Notes
Turn   | Place    | Note
-------+----------+-------------------------------------------
     0 | D:1      | thefish the Vampire Ice Elementalist began the quest for
                  | the Orb.
     0 | D:1      | Reached XP level 1. HP: 13/13 MP: 3/3
   223 | D:1      | Reached XP level 2. HP: 19/19 MP: 3/5
   689 | D:2      | Found an ancient bone altar of Kikubaaqudgha.
   742 | D:2      | Reached XP level 3. HP: 24/24 MP: 1/7
   758 | D:2      | Learned a level 3 spell: Ozocubu's Armour
   941 | D:2      | Found a glowing golden altar of the Shining One.
   954 | D:2      | HP: 1/24 [poisoned by an adder]
   954 | D:2      | Slain by an adder

Levels and vault maps discovered:
D:1:      sevenhm_arrival_forest_fort_large_1, layout_rooms
D:2:      layout_basic, lemuel_crystal_altar, serial_park_tiny_pond,
          nicolae_tso_carved_into_rock

Skill      XL: |  1  2  3 |
---------------+----------+-----
Spellcasting   | 3 |  3.0
Staves         | |  0.1
Dodging        | |  2.1
Stealth        | |  3.0
Conjurations   | |  0.6
Ice Magic      | |  3.4

Action                   || total
-------------------------++-------
Melee: Unarmed           ||    11
       Staff             ||    10
       Bite              ||     2
 Cast: Freeze            ||    34
       Ozocubu's Armour  ||     2
Armor: Robe              ||    19
Dodge: Dodged            ||    42
